[Event "Titled Tuesday Blitz August 16 Early 2022"]
[White "Vrbljanac, Aleksandar"]
[Black "Gomez Ledo, Roberto Carlos"]
[WhiteFideId "932817"]
[BlackFideId "3507076"]
[WhiteElo "2309"]
[BlackElo "2379"]
[Result "1-0"]
[Round "07"]
[TimeControl "180+1"]
[Date "2022.08.16"]
[WhiteClock "0:00:19"]
[BlackClock "0:00:25"]

1. e4 e5 2. Nf3 Nc6 3. Bc4 Bc5 4. c3 Nf6 5. d3 a6 6. Bb3 Ba7 7. Nbd2 d6 8. h3 O-O 9. O-O Ne7 10. d4 Ng6 11. Re1 h6 12. Nf1 Nh7 13. Ng3 Qf6 14. Be3 Ng5 15. Nh2 Kh7 16. Ng4 Qe7 17. Nf5 Qe8 18. Nfxh6 Nxe4 19. f3 Nf6 20. Nxf6+ gxf6 21. f4 Kxh6 22. fxe5+ Kg7 23. Qh5 Rh8 24. exf6+ Kf8 25. Bh6+ 1-0


[Site "https://www.chess.com"]

[Event "Titled Tuesday Blitz August 16 Early 2022"]
[White "Wagner, Dennis"]
[Black "Suder, Jakub"]
[WhiteFideId "24650684"]
[BlackFideId "1195310"]
[WhiteElo "2355"]
[BlackElo "2095"]
[Result "1-0"]
[Round "07"]
[TimeControl "180+1"]
[Date "2022.08.16"]
[WhiteClock "0:00:09"]
[BlackClock "0:00:10"]

1. Nf3 e6 2. g3 d5 3. Bg2 Nf6 4. O-O Be7 5. d3 c5 6. Bf4 Nc6 7. e4 h6 8. Qe2 b6 9. e5 Nd7 10. c4 d4 11. h4 Bb7 12. h5 Qc7 13. Nbd2 g5 14. hxg6 fxg6 15. Ne4 g5 16. Nd6+ Bxd6 17. exd6 Qd8 18. Qxe6+ Kf8 19. Be5 Rh7 20. Rae1 Qe8 21. Qf5+ Qf7 22. Bh3 Qxf5 23. Bxf5 Rf7 24. g4 Rd8 25. Bg3 Nf6 26. Ne5 Nxe5 27. Bxe5 Nd7 28. Bg3 Nf6 29. f3 Bc8 30. Bxc8 Rxc8 31. Re6 Rd8 32. Kg2 Ng8 33. Rh1 Re8 34. Rhe1 Rd8 35. a3 a5 36. b4 axb4 37. axb4 Rf6 38. bxc5 bxc5 39. R1e5 Kf7 40. Rxf6+ Nxf6 41. Rxc5 Ke6 42. Rc7 Nd7 43. c5 Ra8 44. c6 Nc5 45. Re7+ Kf6 46. c7 Nxd3 47. d7 Ra2+ 48. Kh3 h5 49. gxh5 g4+ 50. fxg4 Kg5 51. Rg7+ 1-0


[Site "https://www.chess.com"]

[Event "Titled Tuesday Blitz August 16 Early 2022"]
[White "Xu, Yi"]
[Black "Aradhya, Garg"]
[WhiteFideId "8605564"]
[BlackFideId "25006746"]
[WhiteElo "2471"]
[BlackElo "2203"]
[Result "1-0"]
[Round "07"]
[TimeControl "180+1"]
[Date "2022.08.16"]
[WhiteClock "0:00:13"]
[BlackClock "0:00:07"]

1. e4 e5 2. Nf3 Nc6 3. Bc4 Nf6 4. d3 Bc5 5. O-O O-O 6. c3 d6 7. Re1 h6 8. h3 a5 9. Nbd2 Ba7 10. Nf1 Ne7 11. d4 Ng6 12. Bd3 c6 13. Ng3 Re8 14. Bc2 b5 15. a4 b4 16. Be3 Be6 17. Qd2 bxc3 18. bxc3 d5 19. dxe5 Nxe4 20. Nxe4 dxe4 21. Bxe4 Qxd2 22. Bxd2 Bd5 23. Bxd5 cxd5 24. Rab1 Rab8 25. Rb5 Rxb5 26. axb5 Rb8 27. Rb1 Bb6 28. Be3 Kf8 29. Bxb6 Rxb6 30. Kf1 Ke7 31. Ke2 Ke6 32. Ra1 Nxe5 33. Nd4+ Kd6 34. Rxa5 Kc5 35. Ra7 Rf6 36. Rb7 Nc4 37. Nb3+ Kd6 38. Ra7 Re6+ 39. Kf1 Rf6 40. Ra6+ Kc7 41. Rxf6 gxf6 42. Ke2 Kb6 43. Nd4 Nd6 44. Kd3 Nxb5 45. Nf5 h5 46. h4 Kc5 47. g4 hxg4 48. h5 Nc7 49. h6 Ne6 50. h7 Nf4+ 51. Ke3 Ng6 52. Ne7 Nh8 53. Ng8 f5 54. Kf4 Kc4 55. Ne7 Kxc3 56. Nxd5+ Kd3 57. Ne7 Ke2 58. Nxf5 Kxf2 59. Kxg4 f6 60. Kh5 Kf3 61. Kh6 Kf4 62. Kg7 Kxf5 63. Kxh8 Ke4 64. Kg7 f5 65. h8=Q f4 66. Qe8+ Kd3 67. Kg6 f3 68. Qb5+ Kd2 69. Qf1 Ke3 70. Kf5 Kd2 71. Kg4 Kc3 72. Qxf3+ Kb4 73. Qd3 Kc5 74. Kf4 Kb4 75. Qc2 Ka3 76. Qb1 Ka4 77. Ke4 Ka5 78. Kd5 Ka4 79. Kc4 Ka5 80. Qb5# 1-0


[Site "https://www.chess.com"]

[Event "Titled Tuesday Blitz August 16 Early 2022"]
[White "Yaksin, Oleg"]
[Black "Gubanov, Oleg"]
[WhiteFideId "24105880"]
[BlackFideId "14115115"]
[WhiteElo "2256"]
[BlackElo "2080"]
[Result "0-1"]
[Round "07"]
[TimeControl "180+2"]
[Date "2022.08.18"]
[WhiteClock "0:00:00"]
[BlackClock "0:00:00"]

1. d4 b5 2. e4 Bb7 3. Nd2 Nf6 4. Bd3 c5 5. c3 cxd4 6. cxd4 Nc6 7. Ngf3 Nb4 8. Bb1 Rc8 9. a3 Qc7 10. axb4 Qxc1 11. O-O Qxd1 12. Rxd1 a6 13. Ne1 e6 14. Nd3 Nxe4 15. Nc5 Nxc5 16. dxc5 d6 17. Be4 d5 18. Bd3 Be7 19. Ra2 Bd8 20. Nb3 Ke7 21. f4 g6 22. Kf2 Kd7 23. Re1 h5 24. Nd4 h4 25. h3 Bf6 26. Nf3 Rh5 27. Re2 Bg7 28. Rc2 Rc6 29. Ra1 Rh8 30. Rd1 Rcc8 31. Ng5 Ke7 32. Nf3 Bc6 33. Re1 Ra8 34. Ra1 Rhc8 35. Ra5 Bf6 36. Re2 Kd7 37. Ne5+ Bxe5 38. Rxe5 Kc7 39. Re1 Kb7 40. Ke3 Rg8 41. Kd4 Kc7 42. Raa1 Kd7 43. Re5 f6 44. Ree1 g5 45. fxg5 Rxg5 46. Re2 e5+ 47. Kc3 e4 48. Bc2 Rg3+ 49. Kd4 Rag8 50. Rg1 f5 51. Rf2 Ke6 52. Bb1 Rxh3 53. gxh3 Rxg1 54. Ke3 Rg3+ 55. Kf4 Rxh3 56. Rg2 Rf3+ 57. Kg5 Rg3+ 58. Rxg3 hxg3 59. Bd3 exd3 0-1


[Site "https://www.chess.com"]

[Event "Titled Tuesday Blitz August 16 Early 2022"]
[White "Yeletsky, Ivan"]
[Black "Nazari, Arad"]
[WhiteFideId "24180327"]
[BlackFideId "12577324"]
[WhiteElo "2293"]
[BlackElo "2129"]
[Result "1-0"]
[Round "07"]
[TimeControl "180+1"]
[Date "2022.08.16"]
[WhiteClock "0:00:53"]
[BlackClock "0:00:45"]

1. Nf3 c5 2. b3 d6 3. e3 Nc6 4. Bb2 e5 5. Bb5 Bd7 6. O-O a6 7. Bxc6 Bxc6 8. d4 e4 9. Nfd2 Nf6 10. dxc5 dxc5 11. Nc4 Be7 12. Qxd8+ Rxd8 13. Na5 Bd5 14. Nc3 b6 15. Nxd5 Rxd5 16. Nc4 b5 17. Na5 Rd2 18. Rac1 O-O 19. Nc6 Nd5 20. Rfd1 Rxd1+ 21. Rxd1 Rc8 22. Nxe7+ Nxe7 23. Rd7 Nc6 24. g4 h6 25. a3 f6 26. h4 c4 27. bxc4 bxc4 28. Bc3 Re8 29. Kg2 Ne5 30. Rd6 Nf3 31. Rxa6 Nxh4+ 32. Kg3 Nf3 33. a4 Rd8 34. Kf4 Rd5 35. Kxe4 1-0


[Site "https://www.chess.com"]

[Event "Titled Tuesday Blitz August 16 Early 2022"]
[White "Yurasova, Daria"]
[Black "Khusenkhojaev, Muhammad"]
[WhiteFideId "34146919"]
[BlackFideId "14700247"]
[WhiteElo "2021"]
[BlackElo "2180"]
[Result "0-1"]
[Round "07"]
[TimeControl "180+2"]
[Date "2022.08.18"]
[WhiteClock "0:00:00"]
[BlackClock "0:00:00"]

1. d4 Nf6 2. Bg5 Ne4 3. Bf4 d5 4. e3 c5 5. c3 Nc6 6. Bd3 Bf5 7. Nf3 Bg6 8. O-O e6 9. Ne5 Nxe5 10. Bxe5 f6 11. Bf4 Bd6 12. Bxd6 Qxd6 13. Bxe4 Bxe4 14. Nd2 Bg6 15. dxc5 Qxc5 16. e4 dxe4 17. Qb3 Qd5 18. Qa4+ b5 19. Qd1 O-O 20. Nb3 Rfd8 21. Qe2 Qd3 22. Rfe1 Qxe2 23. Rxe2 a6 24. Nd2 Bh5 25. f3 exf3 26. Nxf3 e5 27. Kf2 Rd3 28. a4 b4 29. cxb4 Rb3 30. b5 axb5 31. a5 Rb4 32. Rd2 Ra4 33. Rxa4 bxa4 34. Rd5 Kf7 35. Nd2 Ke6 36. Rb5 Be8 37. Rc5 f5 38. Nc4 e4 39. Nb6 Ra7 40. Nc8 Ra6 41. Nb6 g6 42. Ke3 Kd6 43. Kd4 Bc6 44. Kc4 e3 45. Kb4 e2 46. Rc1 Bxg2 47. Kb5 Rxb6+ 48. Kxb6 f4 49. a6 f3 50. Rc6+ Ke5 51. a7 f2 52. a8=Q Bxc6 53. Qb8+ Ke4 54. Kxc6 e1=Q 55. Qe8+ Kf3 56. Qf7+ Kg2 57. Qd5+ Kxh2 58. Qd6+ Kh3 59. Qd7+ Kg3 60. Qd6+ Kg4 61. Qd4+ Kf5 62. Qc5+ Kf4 63. Qd6+ Qe5 64. Qd2+ Kf3 65. Qd3+ Kg2 66. Qd2 g5 0-1


[Site "https://www.chess.com"]

[Event "Titled Tuesday Blitz August 16 Early 2022"]
[White "Zherebtsova, Alexandra"]
[Black "Schekachikhin, Maksim"]
[WhiteFideId "24129518"]
[BlackFideId "24177830"]
[WhiteElo "2025"]
[BlackElo "2239"]
[Result "0-1"]
[Round "07"]
[TimeControl "180+2"]
[Date "2022.08.18"]
[WhiteClock "0:00:00"]
[BlackClock "0:00:00"]

1. d4 Nf6 2. Nf3 b6 3. c4 Bb7 4. g3 g6 5. Bg2 Bg7 6. O-O O-O 7. Nc3 Ne4 8. Nxe4 Bxe4 9. b3 c5 10. Bb2 Nc6 11. Qd2 d6 12. Rfd1 Rb8 13. d5 Bxb2 14. Qxb2 Bxf3 15. Bxf3 Ne5 16. Bg2 b5 17. f4 Nd7 18. cxb5 Rxb5 19. e4 f6 20. Bh3 Rb4 21. Qc2 Kg7 22. Be6 Rh8 23. h4 Nf8 24. h5 Nxe6 25. dxe6 Qb6 26. Kg2 c4 27. Rab1 cxb3 28. Rxb3 Rxb3 29. axb3 Rb8 30. hxg6 hxg6 31. Rd3 Rb7 32. Rc3 Qd4 33. f5 gxf5 34. exf5 Qd5+ 35. Kf2 Qh1 36. Ke3 Rb5 37. Rc7 Re5+ 38. Kd4 Qa1+ 39. Kc4 d5+ 40. Kb4 Re4+ 41. Kb5 Qa3 42. Rc8 Rb4+ 43. Kc6 Qa6+ 44. Kd7 Qd6+ 45. Ke8 d4 46. Rd8 Rb8 47. Rc8 d3 48. Rxb8 dxc2 49. Rb7 c1=Q 50. Rxe7+ Qxe7+ 51. Kxe7 Qc7+ 52. Ke8 Qxg3 53. e7 Qb8+ 54. Kd7 Kf7 55. b4 Qb7+ 56. Kd6 Qxe7+ 0-1


[Site "https://www.chess.com"]

[Event "Titled Tuesday Blitz August 16 Early 2022"]
[White "Ziatdinov, Raset"]
[Black "Goltseva, Ekaterina"]
[WhiteFideId "2015323"]
[BlackFideId "24173770"]
[WhiteElo "2220"]
[BlackElo "2086"]
[Result "1/2-1/2"]
[Round "07"]
[TimeControl "180+2"]
[Date "2022.08.18"]
[WhiteClock "0:00:00"]
[BlackClock "0:00:00"]

1. e4 e5 2. Nf3 Nc6 3. Bb5 a6 4. Ba4 Nf6 5. O-O Be7 6. Re1 b5 7. Bb3 d6 8. c3 O-O 9. d4 Bg4 10. Be3 Na5 11. Bc2 Nc4 12. Nbd2 Nxd2 13. Bxd2 c5 14. dxe5 dxe5 15. h3 Bxf3 16. Qxf3 Qxd2 17. Rac1 Qd7 18. b3 Rfd8 19. Red1 Qb7 20. Qe2 Rxd1+ 21. Rxd1 Rd8 22. Re1 b4 23. cxb4 cxb4 24. Bd3 a5 25. f3 Bc5+ 26. Kh2 Nh5 27. Bc4 Qe7 28. Rd1 Bd4 29. g3 Qg5 30. Qg2 h6 31. h4 Qe7 32. Qe2 Bb6 33. Rxd8+ Qxd8 34. f4 Nf6 35. fxe5 Ne8 36. e6 fxe6 37. Bxe6+ Kh8 38. Qf1 Qe7 39. Qf5 Nc7 40. Bc4 Bd4 41. Qc8+ Ne8 42. Bb5 Be5 43. Qxe8+ Qxe8 44. Bxe8 Kg8 45. Bb5 Kf8 46. Kg2 Ke7 47. Bc4 Kd6 48. Bd5 Kc5 49. Kf3 Kd4 50. g4 Kc5 51. g5 hxg5 52. hxg5 Kd6 53. g6 Bd4 54. Kg4 Be5 55. Kf5 Bd4 56. Bf7 Be5 57. Bg8 Bd4 58. Kg4 Be5 59. Kf3 Bd4 60. Ke2 Be5 61. Kd3 Kc5 62. Bc4 Bc3 63. Bf7 Be5 64. Kc2 Bc3 65. Kd3 Be5 66. Be6 Bc3 67. Bf5 Be5 68. Ke3 Bc3 69. Be6 Be5 70. Kf3 Kd6 71. Ke3 Kc5 72. Bc4 Kd6 73. Kf3 Kc5 74. Kg4 Kd6 75. Kf5 Bd4 76. Bd5 Be5 77. Bg8 Bd4 78. Bh7 Be5 79. Bg8 1/2-1/2


[Site "https://www.chess.com"]

[Event "Titled Tuesday Blitz August 16 Early 2022"]
[White "Adewumi, Tanitoluwa"]
[Black "Melikhov, Evgeny V."]
[WhiteFideId "30966396"]
[BlackFideId "4122046"]
[WhiteElo "2302"]
[BlackElo "1963"]
[Result "1-0"]
[Round "08"]
[TimeControl "180+2"]
[Date "2022.08.18"]
[WhiteClock "0:00:00"]
[BlackClock "0:00:00"]

1. e4 e5 2. Nf3 Nc6 3. Bc4 Nf6 4. d3 Be7 5. O-O O-O 6. Re1 d6 7. c3 Na5 8. Bb5 a6 9. Ba4 b5 10. Bc2 c5 11. h3 Bb7 12. Nbd2 Re8 13. Nf1 Bf8 14. Bg5 h6 15. Bxf6 Qxf6 16. Ne3 Nc6 17. a4 Ne7 18. Bb3 Rec8 19. axb5 axb5 20. Rxa8 Bxa8 21. Ng4 Qg6 22. Nh4 Qg5 23. Nf3 Qg6 24. d4 exd4 25. cxd4 c4 26. Bc2 Qe6 27. Qd2 Ng6 28. d5 Qd7 29. Nd4 Ne5 30. Ne3 g6 31. f4 c3 32. bxc3 Nc4 33. Nxc4 Rxc4 34. Bd3 Rc5 35. Ra1 Qc8 36. Qa2 Bb7 37. Bxb5 Rxc3 38. Bc6 Bxc6 39. Nxc6 Qb7 40. Rb1 Qc7 41. Qa8 Kg7 42. Rb7 Rxc6 43. dxc6 Qxc6 44. Rxf7+ Kxf7 45. Qxc6 1-0


[Site "https://www.chess.com"]

[Event "Titled Tuesday Blitz August 16 Early 2022"]
[White "Agasarov, Benik"]
[Black "Voege, Tobias"]
[WhiteFideId "13314823"]
[BlackFideId "1270513"]
[WhiteElo "2037"]
[BlackElo "2272"]
[Result "1-0"]
[Round "08"]
[TimeControl "180+2"]
[Date "2022.08.18"]
[WhiteClock "0:00:00"]
[BlackClock "0:00:00"]

1. e4 e6 2. d4 d5 3. Nc3 Bb4 4. e5 c5 5. a3 Bxc3+ 6. bxc3 Ne7 7. Qg4 Qa5 8. Bd2 Nf5 9. Bd3 g6 10. c4 Qd8 11. Bg5 Qa5+ 12. Bd2 Qc7 13. Bxf5 exf5 14. Qe2 cxd4 15. cxd5 Qxc2 16. Rc1 Qe4 17. Qxe4 1-0


[Site "https://www.chess.com"]

[Event "Titled Tuesday Blitz August 16 Early 2022"]
[White "Ajay, Karthikeyan"]
[Black "Samadov, Read"]
[WhiteFideId "35011685"]
[BlackFideId "13417444"]
[WhiteElo "2168"]
[BlackElo "2084"]
[Result "0-1"]
[Round "08"]
[TimeControl "180+1"]
[Date "2022.08.16"]
[WhiteClock "0:00:08"]
[BlackClock "0:01:38"]

1. d4 Nf6 2. Bf4 d5 3. e3 c5 4. Nf3 Nc6 5. Nbd2 Bg4 6. c3 e6 7. h3 Bxf3 8. Nxf3 Bd6 9. Ne5 O-O 10. Bd3 Bxe5 11. Bxe5 Nxe5 12. dxe5 Nd7 13. f4 Qh4+ 14. Ke2 f6 15. exf6 Nxf6 16. Qe1 Qxe1+ 17. Raxe1 Rae8 18. g4 e5 19. Kd2 Re7 20. Rhf1 Rfe8 21. g5 Nh5 22. Bb5 Rf8 23. fxe5 Rxf1 24. Rxf1 Ng3 25. Rg1 Ne4+ 26. Kc2 Rxe5 27. h4 Nd6 28. Bd7 Nc4 29. b3 Nxe3+ 30. Kb2 Kf7 31. h5 Ke7 32. Bh3 d4 33. cxd4 cxd4 34. h6 gxh6 35. gxh6 Rh5 36. Rg7+ Kf6 37. Bc8 Rxh6 38. Rxb7 Rh2+ 39. Kc1 Rc2+ 40. Kb1 Rxc8 41. Rd7 Ke5 42. Re7+ Kf4 43. Rd7 Ke4 44. Rxh7 d3 45. Rc7 Rxc7 0-1


[Site "https://www.chess.com"]

[Event "Titled Tuesday Blitz August 16 Early 2022"]
[White "Ajay Krishna, S"]
[Black "Ardila, Oscar Humberto"]
[WhiteFideId "5096430"]
[BlackFideId "4404742"]
[WhiteElo "2247"]
[BlackElo "1939"]
[Result "1-0"]
[Round "08"]
[TimeControl "180+2"]
[Date "2022.08.18"]
[WhiteClock "0:00:00"]
[BlackClock "0:00:00"]

1. e4 e5 2. Nf3 Nf6 3. Nc3 Nc6 4. Bc4 Bb4 5. O-O d6 6. d3 O-O 7. h3 h6 8. Ne2 Qe7 9. Ng3 Be6 10. a3 Bc5 11. Bb5 Nd4 12. Nxd4 Bxd4 13. c3 Bb6 14. Be3 c6 15. Ba4 d5 16. Qe2 Bxe3 17. Qxe3 dxe4 18. dxe4 Rfd8 19. Rfd1 Qc7 20. Rxd8+ Qxd8 21. Rd1 Qb6 22. Qd2 a5 23. Qc2 Qc5 24. Bb3 Bxb3 25. Qxb3 b5 26. Qc2 Qc4 27. b3 Qc5 28. Qb2 Kf8 29. Rd3 Ke7 30. Nf5+ Kf8 31. Qd2 Qb6 32. Rg3 Nxe4 33. Qd3 Nxg3 34. Qxg3 g6 35. Qxe5 gxf5 36. Qh8+ Ke7 37. Qxa8 Qc7 38. Qh8 Qd6 39. b4 Qd1+ 40. Kh2 Qd6+ 41. g3 axb4 42. axb4 Qd5 43. Qxh6 Qf3 44. Qe3+ Qxe3 45. fxe3 Ke6 46. h4 Kd5 47. h5 Ke6 48. Kh3 Kf6 49. Kh4 Kg7 50. Kg5 Kh7 51. Kxf5 Kh6 52. g4 f6 53. Kxf6 1-0


[Site "https://www.chess.com"]

[Event "Titled Tuesday Blitz August 16 Early 2022"]
[White "Aldokhin, Ivan"]
[Black "Kuznetsova, Olga"]
[WhiteFideId "24115720"]
[BlackFideId "4191323"]
[WhiteElo "2246"]
[BlackElo "2134"]
[Result "1-0"]
[Round "08"]
[TimeControl "180+2"]
[Date "2022.08.18"]
[WhiteClock "0:00:00"]
[BlackClock "0:00:00"]

1. e4 e5 2. Nf3 Nf6 3. d4 Nxe4 4. Bd3 d5 5. Nxe5 Nd7 6. Qe2 Nxe5 7. dxe5 Nc5 8. O-O Nxd3 9. cxd3 Be7 10. f4 g6 11. Nc3 c6 12. Bd2 h5 13. h3 Be6 14. Nd1 Qb6+ 15. Kh2 O-O-O 16. a4 a5 17. Be3 Bc5 18. Rc1 d4 19. Bg1 Bd5 20. Nf2 Bb4 21. Ne4 Rhe8 22. Nf6 Re6 23. Kh1 Qc7 24. Bh2 Qe7 25. Nxd5 Rxd5 26. f5 gxf5 27. Qxh5 Bd2 28. Rcd1 Be3 29. Rxf5 Rd7 30. Rdf1 Rg6 31. Qh8+ Rd8 32. Qh7 Qd7 33. Rxf7 Rh6 34. Rxd7 Rxd7 35. Rf8+ Rd8 36. Rxd8+ Kxd8 37. Qg8+ Kd7 38. Qf7+ Kd8 39. e6 Bf4 40. Qd7# 1-0


[Site "https://www.chess.com"]

[Event "Titled Tuesday Blitz August 16 Early 2022"]
[White "Andreikin, Dmitry"]
[Black "Demidov, Mikhail"]
[WhiteFideId "4158814"]
[BlackFideId "4197143"]
[WhiteElo "2736"]
[BlackElo "2525"]
[Result "1/2-1/2"]
[Round "08"]
[TimeControl "180+1"]
[Date "2022.08.16"]
[WhiteClock "0:00:27"]
[BlackClock "0:00:15"]

1. d4 g6 2. c4 Bg7 3. Nc3 d6 4. e4 e5 5. Nf3 Bg4 6. dxe5 Bxf3 7. Qxf3 dxe5 8. c5 Nc6 9. Bc4 Qf6 10. Qg3 Qe7 11. Be3 Nf6 12. O-O O-O 13. Nd5 Nxd5 14. exd5 Nd4 15. d6 cxd6 16. Bxd4 d5 17. Bxd5 exd4 18. b4 a5 19. Rae1 Qd7 20. Qd6 Qxd6 21. cxd6 axb4 22. Re7 Rad8 23. Rxb7 Rxd6 24. Bb3 d3 25. Rxb4 d2 26. Rb7 Bc3 27. g3 Rf6 28. Rd7 Re8 29. Rd3 Ba5 30. Rd5 Rf5 31. Rxf5 gxf5 32. Rd1 Re1+ 33. Kg2 Kg7 34. Kf3 Kf6 35. Kf4 h6 36. Bc2 Bc7+ 37. Kf3 Ba5 38. Kf4 Bc7+ 39. Kf3 Ba5 40. Kf4 1/2-1/2


[Site "https://www.chess.com"]

[Event "Titled Tuesday Blitz August 16 Early 2022"]
[White "Ansh M Shah"]
[Black "Lakshmi C"]
[WhiteFideId "25033379"]
[BlackFideId "25035347"]
[WhiteElo "1819"]
[BlackElo "1775"]
[Result "1-0"]
[Round "08"]
[TimeControl "180+2"]
[Date "2022.08.18"]
[WhiteClock "0:00:00"]
[BlackClock "0:00:00"]

1. d4 Nf6 2. c4 e6 3. g3 Be7 4. Bg2 d5 5. Nf3 O-O 6. O-O c5 7. Qc2 dxc4 8. dxc5 Bxc5 9. Qxc4 Be7 10. Nc3 Nc6 11. Be3 e5 12. Rfd1 Qa5 13. Nd5 Be6 14. Nxe7+ Nxe7 15. Qc5 Qxc5 16. Bxc5 Rfe8 17. Nxe5 Ned5 18. Rac1 Rac8 19. Bd4 Ra8 20. a3 h6 21. h3 b6 22. e4 Ne7 23. f4 Rad8 24. Bc3 Bb3 25. Rxd8 Rxd8 26. Kf2 Nc8 27. Nc6 Re8 28. Nd4 Bc4 29. e5 Nd5 30. Ne2 b5 31. Bd4 Ncb6 32. Rd1 Bb3 33. Rd2 Rc8 34. Nc3 Nxc3 35. Bxc3 Nc4 36. Rd7 a5 37. Bd5 Nb6 38. Bxf7+ Kf8 39. Bxb3 Nxd7 40. Bxa5 Rc5 41. Bb4 Ke8 42. Bxc5 Nxc5 43. Bd5 Ke7 44. Ke3 Na6 45. Kd4 Nc7 46. b4 g5 47. f5 Kd7 48. g4 Ke7 49. Kc5 Kd7 50. e6+ Ke7 51. Kc6 Ne8 52. Kxb5 Nf6 53. Kc5 h5 54. Bf3 1-0


[Site "https://www.chess.com"]

[Event "Titled Tuesday Blitz August 16 Early 2022"]
[White "Aradhya, Garg"]
[Black "Baches Garcia, Guillermo"]
[WhiteFideId "25006746"]
[BlackFideId "2209764"]
[WhiteElo "2203"]
[BlackElo "2526"]
[Result "1/2-1/2"]
[Round "08"]
[TimeControl "180+1"]
[Date "2022.08.16"]
[WhiteClock "0:02:08"]
[BlackClock "0:00:28"]

1. d4 Nf6 2. Nf3 e6 3. Bf4 d5 4. e3 c5 5. Nbd2 Nc6 6. c3 Bd6 7. Bg3 O-O 8. Bb5 Ne7 9. Bd3 Nf5 10. Bxf5 exf5 11. Bxd6 Qxd6 12. dxc5 Qxc5 13. O-O a5 14. Nd4 Ne4 15. N2b3 Qe7 16. a4 Ra6 17. Ne2 Rd8 18. Nbd4 Rh6 19. g3 g5 20. Kg2 f4 21. exf4 Bh3+ 22. Kg1 Bxf1 23. Qxf1 Qd7 24. f3 Nd2 25. Qf2 g4 26. fxg4 Qxg4 27. Rd1 Ne4 28. Qf3 Qh3 29. Qg2 Qg4 30. Qf3 Qh3 31. Qg2 Qg4 32. Qf3 1/2-1/2


[Site "https://www.chess.com"]

[Event "Titled Tuesday Blitz August 16 Early 2022"]
[White "Atakhan, Abtin"]
[Black "Reprintsev, Alexander"]
[WhiteFideId "22502203"]
[BlackFideId "14100541"]
[WhiteElo "2087"]
[BlackElo "2108"]
[Result "1-0"]
[Round "08"]
[TimeControl "180+1"]
[Date "2022.08.16"]
[WhiteClock "0:00:02"]
[BlackClock "0:00:01"]

1. e4 d5 2. exd5 Qxd5 3. Nc3 Qa5 4. d4 Nf6 5. Nf3 Nc6 6. Bd2 a6 7. Bc4 Qh5 8. Ne5 Bg4 9. Nxg4 Qxg4 10. Qxg4 Nxg4 11. h3 Nf6 12. Bg5 Nxd4 13. O-O-O Nf5 14. Rhe1 Nd6 15. Bxf6 gxf6 16. Nd5 O-O-O 17. Bb3 Rd7 18. Kb1 f5 19. c4 b6 20. Ba4 b5 21. cxb5 axb5 22. Bc2 e6 23. Nf6 Rd8 24. g4 Be7 25. Nd5 Bh4 26. Nb4 Bxf2 27. Rf1 Bc5 28. Nd3 Bb6 29. Ne5 Rhf8 30. gxf5 f6 31. Nc6 Rde8 32. fxe6 Rxe6 33. Bxh7 Kb7 34. Nd4 Bxd4 35. Rxd4 f5 36. Rdf4 Ref6 37. h4 R8f7 38. Bg8 Rg7 39. Bd5+ c6 40. Bb3 Rfg6 41. Bc2 Rg1 42. Bxf5 Rxf1+ 43. Rxf1 Rf7 44. Bd3 Re7 45. h5 Re3 46. Kc2 Rh3 47. Bg6 Kb6 48. a3 Nc4 49. Rf2 Ne3+ 50. Kd2 Nc4+ 51. Kc1 Rh1+ 52. Kc2 Ne3+ 53. Kd3 Nd1 54. Rg2 Rh4 55. Rd2 Rh1 56. Ke2 Nxb2 57. Kf3 Nc4 58. Re2 Nxa3 59. Kg2 Rh4 60. Kg3 1-0


[Site "https://www.chess.com"]

[Event "Titled Tuesday Blitz August 16 Early 2022"]
[White "Averjanov, Alexey"]
[Black "Filippova, Margarita"]
[WhiteFideId "14109867"]
[BlackFideId "34199680"]
[WhiteElo "2399"]
[BlackElo "1734"]
[Result "1-0"]
[Round "08"]
[TimeControl "180+2"]
[Date "2022.08.18"]
[WhiteClock "0:00:00"]
[BlackClock "0:00:00"]

1. d4 Nf6 2. c4 e6 3. Nf3 Bb4+ 4. Nbd2 O-O 5. g3 Re8 6. Bg2 c5 7. O-O Nc6 8. a3 Bxd2 9. Qxd2 cxd4 10. Nxd4 Qb6 11. Nb5 Ne5 12. Nd6 Rf8 13. b4 Qd8 14. Bb2 Ng6 15. Nxb7 Bxb7 16. Bxb7 Rb8 17. Bg2 a5 18. Bc3 d5 19. Bxf6 Qxf6 20. cxd5 exd5 21. bxa5 d4 22. Rab1 Qa6 23. Qxd4 Qxa5 24. a4 h6 25. h4 Ne5 26. Rfc1 Rxb1 27. Rxb1 Rd8 28. Qe4 Nd7 29. Rd1 Nc5 30. Rxd8+ Qxd8 31. Qc4 Qd1+ 32. Kh2 Nxa4 33. Qc8+ Kh7 34. Qf5+ Kg8 35. Bd5 Qxe2 36. Bxf7+ Kh8 37. Qc8+ Kh7 38. Qg8# 1-0


[Site "https://www.chess.com"]

[Event "Titled Tuesday Blitz August 16 Early 2022"]
[White "Babazada, Khazar"]
[Black "Bykhovsky, Anatoly"]
[WhiteFideId "13413554"]
[BlackFideId "2806991"]
[WhiteElo "2409"]
[BlackElo "2540"]
[Result "1-0"]
[Round "08"]
[TimeControl "180+1"]
[Date "2022.08.16"]
[WhiteClock "0:00:16"]
[BlackClock "0:00:17"]

1. e4 c5 2. Nf3 e6 3. d4 cxd4 4. Nxd4 a6 5. Bd3 Bc5 6. Nb3 Ba7 7. O-O Nc6 8. Nc3 Nf6 9. Kh1 d6 10. f4 b5 11. Qf3 Bb7 12. Qg3 Qe7 13. a4 b4 14. Ne2 d5 15. e5 Ne4 16. Bxe4 dxe4 17. Be3 O-O 18. Bxa7 Nxa7 19. f5 exf5 20. Ned4 h6 21. Rxf5 Nc6 22. Nxc6 Bxc6 23. Rf6 Rac8 24. Nd4 Bd7 25. Rxh6 Rfe8 26. Rxa6 Qxe5 27. Qxe5 Rxe5 28. Rd6 Be8 29. a5 e3 30. Kg1 e2 31. Nf3 Rec5 32. Ne1 Rf5 33. h3 Rf1+ 34. Kh2 Bb5 35. Rb6 Rd8 36. Rxb5 Rd1 37. Ra4 Rfxe1 38. Kg3 Ra1 39. Raxb4 Rf1 40. Rb8+ Kh7 41. Rh4+ Kg6 42. Rg4+ Kh7 43. Rh4+ Kg6 44. Rg4+ Kf6 45. Rb6+ Ke5 46. Rb5+ Ke6 47. Re4+ Kd6 48. Rxe2 Kc6 49. c4 1-0


[Site "https://www.chess.com"]

[Event "Titled Tuesday Blitz August 16 Early 2022"]
[White "Barria Zuniga, Daniel"]
[Black "Prydun, Andriy"]
[WhiteFideId "3400816"]
[BlackFideId "14145898"]
[WhiteElo "2414"]
[BlackElo "2163"]
[Result "1-0"]
[Round "08"]
[TimeControl "180+2"]
[Date "2022.08.18"]
[WhiteClock "0:00:00"]
[BlackClock "0:00:00"]

1. d4 Nf6 2. c4 c5 3. d5 e5 4. Nc3 d6 5. e4 Nbd7 6. Nf3 Be7 7. Be2 Nf8 8. O-O Ng6 9. Ne1 O-O 10. Nd3 a6 11. a3 b5 12. b3 Rb8 13. f3 Nh5 14. g3 f5 15. exf5 Bxf5 16. Nf2 Bd7 17. Nfe4 Rf7 18. Be3 Qc7 19. Rc1 Bh3 20. Re1 Nf6 21. Ng5 Bd7 22. Nxf7 Kxf7 23. Ne4 Qa5 24. Qc2 b4 25. a4 h6 26. Bd3 Nf8 27. Rf1 Kg8 28. f4 Ng4 29. Rce1 Nxe3 30. Rxe3 exf4 31. Rxf4 Qd8 32. Ref3 Ng6 33. Nf6+ Bxf6 34. Bxg6 Qe7 35. Bf5 Re8 36. Bxd7 Qxd7 37. Re4 Re5 38. Rxe5 Bxe5 39. Qf5 Qxf5 40. Rxf5 g6 41. Rf3 Kg7 42. Kf1 h5 43. Ke2 Bf6 44. Kd3 Be7 45. Ke4 a5 46. Kd3 Bf6 47. Re3 Be7 48. Rxe7+ 1-0


[Site "https://www.chess.com"]

[Event "Titled Tuesday Blitz August 16 Early 2022"]
[White "Barrientos, Sergio E"]
[Black "Ramirez Vido, Robert Yorisan"]
[WhiteFideId "4401824"]
[BlackFideId "3513823"]
[WhiteElo "2397"]
[BlackElo "2488"]
[Result "0-1"]
[Round "08"]
[TimeControl "180+1"]
[Date "2022.08.16"]
[WhiteClock "0:01:44"]
[BlackClock "0:00:56"]

1. d4 g6 2. e4 d6 3. Nc3 Nf6 4. Be3 c6 5. h4 Qa5 6. h5 Nxh5 7. Rxh5 Qxh5 8. Nf3 Bg7 9. Qd2 Qa5 10. O-O-O Bg4 11. Kb1 Nd7 12. Bc4 e6 13. Bb3 O-O-O 14. Rh1 Bxf3 15. gxf3 h5 16. a3 h4 17. Bg5 Bf6 18. Be3 h3 19. Qe2 c5 20. d5 Bxc3 21. dxe6 fxe6 22. bxc3 Qxc3 23. Bxe6 h2 24. Bf4 Qf6 25. Bxd7+ Rxd7 26. Rxh2 Rxh2 27. Bxh2 Rh7 28. Bg3 Rh1+ 29. Ka2 Qa1+ 30. Kb3 Rb1+ 31. Kc4 Qd4# 0-1


[Site "https://www.chess.com"]